 Dungeon Crawl Stone Soup version 0.30.1-4-g462c640d31 (webtiles) character file.

Game seed: 12704042980155331904

26530 Diggabert the Eclecticist (level 12, -14/63 HPs)
             Began as a Deep Elf Conjurer on Aug 11, 2023.
             Was a Priest of Hepliaklqana.
             Killed from afar by a gargoyle (19 damage)
             ... with a stone arrow
             ... on level 13 of the Dungeon.
             The game lasted 00:38:00 (9598 turns).

Diggabert the Eclecticist (Deep Elf Conjurer)       Turns: 9598, Time: 00:38:00

Health: -14/63     AC: 13    Str:  4    XL:     12   Next: 99%
Magic:  29/34      EV: 17    Int: 29    God:    Hepliaklqana [***...]
Gold:   627        SH:  3    Dex: 13    Spells: 26/43 levels left

rFire   . . .        B - +1 demon whip (venom)
rCold   . . .        N - +0 buckler
rNeg    . . .        G - +0 acid dragon scales
rPois   .            (no helmet)
rElec   .            L - +0 cloak
rCorr   +            R - +0 pair of gloves
SInv    .            m - +0 pair of boots
Will    +....        h - amulet of magic regeneration
Stlth   ++           r - +5 ring of evasion
HPRegen 0.30/turn    M - +4 ring of protection
MPRegen 0.64/turn

%: no passive effects
@: no status effects
A: reduced essence
a: Renounce Religion, Recall Ancestor, Ancestor Identity, Transference


You were on level 13 of the Dungeon.
You worshipped Hepliaklqana.
Hepliaklqana was most pleased with you.
You visited 2 branches of the dungeon, and saw 13 of its levels.

You collected 627 gold pieces.

Inventory:

Hand Weapons
 e - a +0 trident
 B - a +1 demon whip of venom (weapon)
 D - a +2 dagger of speed
Missiles
 I - 2 throwing nets
Armour
 m - a +0 pair of boots (worn)
 n - a +1 robe of willpower
 w - a +2 ring mail of poison resistance
 G - +0 acid dragon scales (worn)
 L - a +0 cloak (worn)
 N - a +0 buckler (worn)
 R - a +0 pair of gloves (worn)
Jewellery
 h - an amulet of magic regeneration (around neck)
 r - a +5 ring of evasion (left hand)
 u - a ring of flight
 M - a +4 ring of protection (right hand)
 P - an amulet of the acrobat
 Q - a ring of see invisible
Wands
 a - a wand of roots (16)
 p - a wand of flame (30)
 x - a wand of mindburst (11)
 y - a wand of polymorph (23)
 K - a wand of charming (3)
Scrolls
 d - a scroll of silence {unknown}
 f - a scroll of magic mapping
 l - 6 scrolls of teleportation (quivered)
 o - a scroll of fog {unknown}
 q - 3 scrolls of immolation
 s - 3 scrolls of enchant weapon
 v - 2 scrolls of amnesia
 A - a scroll of blinking
 F - a scroll of torment {unknown}
 H - a scroll of brand weapon {unknown}
Potions
 b - a potion of magic
 c - 2 potions of mutation
 g - 4 potions of curing
 i - a potion of cancellation
 j - a potion of heal wounds
 k - 3 potions of brilliance
 t - 2 potions of lignification
 z - 2 potions of haste
 C - a potion of resistance
 E - 2 potions of flight
 J - a potion of attraction {unknown}


   Skills:
 * Level 6.8 Fighting
 * Level 10.1 Dodging
 - Level 2.4 Stealth
 * Level 0.6 Shields
 * Level 16.2 Spellcasting
 * Level 13.9 Conjurations
 * Level 10.4 Hexes


You had 26 spell levels left.
You knew the following spells:

 Your Spells              Type           Power      Damage    Failure   Level
a - Magic Dart            Conj           100%       1d8       1%          1
b - Searing Ray           Conj           100%       2d8       1%          2
c - Dazzling Flash        Conj/Hex       100%       N/A       1%          3
d - Fulminant Prism       Conj/Hex       38%        3d17      1%          4
e - Iskenderun's Mystic   Conj/Tloc      59%        2d12      5%          4
f - Summon Guardian Gole  Hex/Summ       52%        N/A       3%          3

Your spell library contained the following spells:

 Spells                   Type           Power      Damage    Failure   Level
 Hailstorm                Conj/Ice       59%        3d13      1%          3
 Inner Flame              Hex/Fire       52%        N/A       3%          3
 Flame Wave               Conj/Fire      59%        2d14      5%          4
 Sticky Flame             Conj/Fire      59%        2d7       5%          4
 Freeze                   Ice            92%        1d9       10%         1
 Summon Small Mammal      Summ           92%        N/A       10%         1
 Lesser Beckoning         Tloc           46%        N/A       16%         2
 Passwall                 Tmut/Erth      19%        N/A       16%         2
 Call Canine Familiar     Summ           23%        N/A       30%         3
 Frozen Ramparts          Ice            46%        1d7       30%         3
 Gell's Gravitas          Tloc           23%        N/A       30%         3
 Spider Form              Tmut/Pois      23%        N/A       30%         3
 Teleport Other           Tloc           23%        N/A       30%         3
 Dispersal                Tloc           11%        N/A       100%        6
 Statue Form              Tmut/Erth      15%        N/A       100%        6
 Borgnjor's Revivificati  Necr           11%        N/A       100%        8
 Necromutation            Tmut/Necr      11%        N/A       100%        8
 Death's Door             Necr           11%        N/A       100%        9


Dungeon Overview and Level Annotations

Branches:
Dungeon (13/15)            Temple (1/1) D:7            Lair (0/5) D:10
    Orc: D:9-12      Vaults: D:13-14

Altars:
Ashenzari
Cheibriados
Dithmenos
Elyvilon
Fedhas
Gozag
Hepliaklqana
Kikubaaqudgha
Makhleb
Nemelex Xobeh
Okawaru
Qazlal
Ru
Sif Muna
Trog
Uskayaw
Vehumet
Wu Jian
Xom
Yredelemnul
Zin
The Shining One

Annotations:
D:13 Nessos


Message History

You are more poisoned.
Nessos shoots an arrow.
The arrow hits you. The arrow burns you.
Banana Bread hits Nessos with a +0 flail!
The vault guard hits Banana Bread with a +0 bardiche!
Flame seeps out of your guardian golem.
Your guardian golem is engulfed in blazing flames.
Flame seeps out of your guardian golem.
Unknown command.
Your magical effects are unravelling.
You feel magically purged.
Your magical contamination has completely faded away.
You feel less confused.
You feel very sick.
Nessos shoots an arrow.
The arrow hits you! The arrow burns you.
* * * LOW HITPOINT WARNING * * *
Banana Bread hits the vault guard with a +0 flail!
The vault guard hits Banana Bread with a +0 bardiche!!
Flame seeps out of your guardian golem.
A vault guard comes into view. It is wielding a +1 battleaxe.
Unknown command.
Blink to where?
Press: ? - help, Dir - move target
As you read the scroll of blinking, it crumbles to dust.
* * * LOW HITPOINT WARNING * * *
You feel very sick.
You feel better.
A gargoyle comes into view. It is wielding a +0 mace.
You hear an explosion!
Nessos shoots an arrow.
You block the arrow.
Nessos shoots an arrow.
The arrow closely misses you.
Nessos gestures wildly while chanting.
Nessos blinks!
Nessos shoots an arrow.
The arrow completely misses you.
Nessos shoots an arrow.
The arrow hits you!
* * * LOW HITPOINT WARNING * * *
The arrow burns you.
* * * LOW HITPOINT WARNING * * *
The gargoyle hurls a stone arrow at you.
The stone arrow hits you!!
You die...

#..ยง#
######...####
#...........#
#...........#
#....!......#
#...........#
#...........#
#.(...c.....#
#....>.....@#####
#......9...........
#####.#############
#.. ###


You could see Nessos (fast) and a gargoyle.

Vanquished Creatures
  The ghost of superradish the Thrower, a journeyman DsBr of Dithmenos (D:10)
  3 two-headed ogres
  Erica (D:11)
  Sonja (D:13)
  Amaemon (D:8)
  Pikel (D:6)
  Maurice (D:9)
  An orange demon (D:8)
  A kobold demonologist (D:9)
  Maggie (D:6)
  A rime drake (D:10)
  A polar bear (D:10)
  A troll (D:10)
  2 hornets (D:9)
  Prince Ribbit (D:9)
  3 wyverns
  12 yaks
  Eustachio (D:6)
  2 steam dragons
  A floating eye (D:9)
  3 orc warriors
  3 water moccasins
  5 ice beasts
  A sky beast (D:7)
  2 black bears
  3 wolves (D:10)
  5 centaurs
  4 phantoms
  2 lemures (D:6)
  2 kobold brigands
  6 bullfrogs
  A gnoll sergeant (D:10)
  2 scorpions
  8 wights
  4 killer bees
  3 howler monkeys
  2 orc priests
  A gnoll bouda (D:5)
  2 hounds
  4 jellies
  Jessica (D:3)
  3 iguanas
  7 orc wizards
  Natasha (twice) (D:2)
  A sleepcap (D:7)
  12 gnolls
  7 adders
  A shadow imp (D:6)
  2 ufetubi
  The ghost of AccursedSamuel the Sneak, a weakling TeDe (D:4)
  2 dart slugs
  24 orcs
  10 ball pythons
  5 bats
  5 endoplasms
  5 giant cockroaches
  7 goblins
  8 hobgoblins
  2 jackals (D:4)
  4 quokkas (D:1)
  4 frilled lizards
  14 kobolds
  9 rats
236 creatures vanquished.

Vanquished Creatures (collateral kills)
  2 two-headed ogres
  A cyclops (D:11)
  6 yaks (D:9)
  A shadow (D:9)
  2 orc warriors
  A centaur (D:9)
  A kobold brigand (D:9)
  2 wights
  A killer bee (D:8)
  2 howler monkeys
  An orc priest (D:10)
  An orc wizard (D:9)
  A white imp (D:8)
  6 orcs
28 creatures vanquished.

Vanquished Creatures (others)
  A yak (D:9)
  A knight (D:10)
  3 ancestors (D:8)
  44 fulminant prisms
49 creatures vanquished.

Grand Total: 313 creatures vanquished

Notes
Turn   | Place    | Note
-------+----------+-------------------------------------------
     0 | D:1      | Diggabert the Deep Elf Conjurer began the quest for the
                  | Orb.
     0 | D:1      | Reached XP level 1. HP: 10/10 MP: 6/6
   196 | D:1      | Reached XP level 2. HP: 15/15 MP: 4/8
   199 | D:1      | Learned a level 2 spell: Searing Ray
   578 | D:1      | Reached skill level 5 in Conjurations
   637 | D:1      | Found a faded altar of an unknown god.
   793 | D:2      | Reached XP level 3. HP: 20/20 MP: 6/9
   797 | D:2      | Learned a level 3 spell: Dazzling Flash
   908 | D:2      | Noticed Natasha
   913 | D:2      | Killed Natasha
  1174 | D:2      | Reached XP level 4. HP: 24/24 MP: 9/11
  1350 | D:2      | Noticed Natasha
  1354 | D:2      | Killed Natasha
  1355 | D:2      | Reached skill level 4 in Spellcasting
  1595 | D:3      | Learned a level 4 spell: Fulminant Prism
  2013 | D:3      | Reached XP level 5. HP: 28/28 MP: 11/13
  2088 | D:3      | Noticed Jessica
  2092 | D:3      | Killed Jessica
  2455 | D:4      | Reached skill level 1 in Fighting
  2501 | D:4      | Reached skill level 1 in Hexes
  2517 | D:4      | Found a large runed translucent door.
  2517 | D:4      | Found a large runed translucent door.
  2523 | D:4      | Noticed a phantom
  2530 | D:4      | Killed a phantom
  2531 | D:4      | Reached skill level 5 in Spellcasting
  2531 | D:4      | Reached XP level 6. HP: 31/34 MP: 8/15
  2829 | D:4      | Reached skill level 6 in Spellcasting
  2868 | D:4      | Found a white marble altar of Elyvilon.
  2872 | D:4      | Reached XP level 7. HP: 38/38 MP: 14/18
  2914 | D:4      | Noticed AccursedSamuel's ghost (weakling TeDe)
  2988 | D:4      | Learned a level 4 spell: Iskenderun's Mystic Blast
  2992 | D:4      | Learned a level 3 spell: Summon Guardian Golem
  2995 | D:4      | Killed AccursedSamuel's ghost
  3105 | D:5      | Entered Level 5 of the Dungeon
  3155 | D:5      | Found a stormy altar of Qazlal.
  3156 | D:5      | Noticed a fire elemental
  3157 | D:5      | Noticed a water elemental
  3157 | D:5      | Noticed an air elemental
  3604 | D:5      | Reached skill level 7 in Spellcasting
  3951 | D:6      | Reached XP level 8. HP: 44/44 MP: 14/21
  3992 | D:6      | Reached skill level 8 in Spellcasting
  4042 | D:6      | Noticed Eustachio
  4047 | D:6      | Killed Eustachio
  4140 | D:6      | Reached skill level 9 in Spellcasting
  4408 | D:6      | Noticed Maggie
  4417 | D:6      | Killed Maggie
  4878 | D:6      | Noticed Pikel
  4882 | D:6      | Killed Pikel
  4883 | D:6      | Reached skill level 10 in Spellcasting
  4883 | D:6      | Reached XP level 9. HP: 49/49 MP: 17/25
  5085 | D:7      | Found an opulent altar of Gozag.
  5085 | D:7      | Found an iron altar of Okawaru.
  5096 | D:7      | Found a staircase to the Ecumenical Temple.
  5105 | Temple   | Entered the Ecumenical Temple
  5132 | Temple   | Became a worshipper of Hepliaklqana the Forgotten
  5347 | D:7      | Reached skill level 5 in Dodging
  5606 | D:7      | Reached * piety under Hepliaklqana
  5870 | D:7      | Found a bloodstained altar of Trog.
  6032 | D:8      | Reached skill level 10 in Conjurations
  6041 | D:8      | Reached skill level 11 in Spellcasting
  6084 | D:8      | Reached skill level 5 in Fighting
  6084 | D:8      | Reached skill level 12 in Spellcasting
  6084 | D:8      | Reached XP level 10. HP: 53/53 MP: 26/28
  6085 | D:8      | Reached skill level 13 in Spellcasting
  6085 | D:8      | Reached XP level 11. HP: 57/57 MP: 26/30
  6344 | D:8      | Noticed Amaemon
  6353 | D:8      | Killed Amaemon
  6553 | D:8      | Reached ** piety under Hepliaklqana
  6554 | D:8      | Remembered your ancestor Banana Bread as a knight
  6885 | D:9      | Noticed Maurice
  6891 | D:9      | Killed Maurice
  6892 | D:9      | Reached skill level 14 in Spellcasting
  6945 | D:9      | Reached XP level 12. HP: 62/63 MP: 16/32
  6951 | D:9      | Noticed a two-headed ogre
  6960 | D:9      | Killed a two-headed ogre
  7084 | D:9      | Noticed Prince Ribbit
  7102 | D:9      | Killed Prince Ribbit
  7450 | D:9      | Reached skill level 15 in Spellcasting
  7519 | D:9      | Found a blossoming altar of Fedhas.
  7746 | D:10     | Entered Level 10 of the Dungeon
  7760 | D:10     | Found a runed translucent door.
  7760 | D:10     | Noticed superradish's ghost (journeyman DsBr)
  8090 | D:10     | Noticed a two-headed ogre
  8096 | D:10     | Reached skill level 10 in Hexes
  8100 | D:10     | Killed a two-headed ogre
  8336 | D:10     | Reached *** piety under Hepliaklqana
  8343 | D:10     | Noticed a two-headed ogre
  8351 | D:10     | Killed a two-headed ogre
  8459 | D:10     | Found a staircase to the Lair.
  8812 | D:10     | Killed superradish's ghost
  8813 | D:10     | Reached skill level 10 in Dodging
  8964 | D:11     | Noticed Erica
  8974 | D:11     | Killed Erica
  8975 | D:11     | Reached skill level 16 in Spellcasting
  8988 | D:11     | Noticed a two-headed ogre
  8996 | D:11     | Killed a two-headed ogre
  9324 | D:11     | Noticed a two-headed ogre
  9330 | D:11     | Killed a two-headed ogre
  9416 | D:11     | Got the Anthology of Metamorphosis
  9552 | D:11     | You fall into a shaft and drop 2 floors!
  9576 | D:13     | Noticed Sonja
  9581 | D:13     | Killed Sonja
  9584 | D:13     | Noticed Nessos
  9585 | D:13     | Noticed a vault guard
  9586 | D:13     | Noticed a vault guard
  9588 | D:13     | Noticed a vault guard
  9588 | D:13     | Noticed a vault guard
  9591 | D:13     | Noticed a vault guard
  9598 | D:13     | Killed from afar by a gargoyle

Illustrated notes

Levels and vault maps discovered:
D:1:      dpeg_arrival_erosion, layout_basic, nicolae_ecumenical_snake_handling,
          kennysheep_another_room
D:2:      layout_basic, uniq_natasha
D:3:      layout_loops_ring, minivault_27, chequers_serial_rivers_micro_a,
          wad_floor_pattern_2, uniq_jessica
D:4:      layout_rooms, nicolae_overflow_crystal_walls,
          ebering_ghost_disaster_area, fountainhead, corexii_shack,
          minmay_misc_feat_diagonals, minmay_misc_feat_rows
D:5:      layout_basic, nicolae_qazlal_style_of_elements, grunt_decor_fettered
D:6:      layout_loops_ring, portal_sewer_entry_e, uniq_eustachio, uniq_pikel,
          uniq_maggie
D:7:      layout_gridville, overflow_temple_1_default,
          mainiacjoe_overflow_divided_tiny, minmay_temple_entry_statues_pillars
D:8:      layout_loops_ring, uniq_amaemon
D:9:      layout_loops_cross, mainiacjoe_overflow_chevrons,
          dreamdust_princess_bridge, onia_ninara_cookie, uniq_prince_ribbit1,
          uniq_maurice
D:10:     layout_grid_maze, hellmonk_lair_entry_icy,
          hellmonk_ghost_happy_afterlife
D:11:     layout_loops_ring, grunt_decor_one_mirror, uniq_erica
D:13:     layout_basic, erik_vaults_2, uniq_sonja, uniq_nessos
Temple:   nicolae_temple_slightly_damp_pantheon

Skill      XL: |  1  2  3  4  5  6  7  8  9 10 11 12 |
---------------+-------------------------------------+-----
Conjurations   | 5 6 7 9 11 12 13 | 13.9
Spellcasting   | 4 5 6 7 10 12 13 14 16 | 16.2
Dodging        | 3 4 7 9 10 | 10.1
Fighting       | 1 2 5 6 |  6.8
Hexes          | 1 2 4 7 9 10 | 10.4
Stealth        | |  2.4
Shields        | |  0.6

Action                     |  1- 3 |  4- 6 |  7- 9 | 10-12 || total
---------------------------+-------+-------+-------+-------++-------
  Melee: Dagger            |       |       |       |     1 ||     1
   Cast: Magic Dart        |    52 |    81 |    82 |   207 ||   422
         Searing Ray       |     1 |    14 |    49 |    29 ||    93
         Fulminant Prism   |       |       |     9 |    35 ||    44
         Summon Guardian G |       |       |       |     8 ||     8
         Iskenderun's Myst |       |       |       |     5 ||     5
 Invoke: Ancestor Identity |       |       |     1 |       ||     1
         Ancestor Life: Kn |       |       |       |     1 ||     1
         Recall Ancestor   |       |       |       |     1 ||     1
    Use: Scroll            |     2 |     2 |     5 |    10 ||    19
         Potion            |       |       |     2 |     3 ||     5
 Armour: Robe              |       |     3 |     2 |       ||     5
         Acid dragon scale |       |       |     7 |    10 ||    17
  Dodge: Dodged            |     1 |     6 |    29 |    53 ||    89
  Block: Buckler           |       |       |       |     1 ||     1
